 Dungeon Crawl Stone Soup version 0.20.1-1-g8b1a95d (webtiles) character file.

17752 Mesmaeker13 the Spear-Bearer (level 12, -3/77 HPs)
             Began as a Merfolk Skald on Sept 18, 2017.
             Was the Champion of Hepliaklqana.
             Killed from afar by Josephine (28 damage)
             ... with a ghostly fireball
             ... on level 4 of the Lair of Beasts on Oct 1, 2017.
             The game lasted 00:36:52 (19210 turns).

Mesmaeker13 the Spear-Bearer (Merfolk Skald)       Turns: 19210, Time: 00:36:53

Health: -3/77      AC:  8    Str: 12    XL:     12   Next: 51%
Magic:  12/16      EV: 15    Int: 16    God:    Hepliaklqana [******]
Gold:   490        SH:  4    Dex: 14    Spells: 4/15 levels left

rFire    . . .     SeeInvis .   K - +3 spear (vamp)
rCold    + . .     Gourm    .   t - +0 buckler
rNeg     . . .     Faith    +   D - +0 ring mail {rC+}
rPois    .         Spirit   .   j - +0 helmet
rElec    .         Reflect  .   C - +0 cloak
rCorr    +         Harm     .   s - +0 pair of gloves
MR       +....                  (no boots)
Stlth    +.........             A - amulet of faith
Regen    0.3/turn               z - ring of resist corrosion
MPRegen  0.2/turn               l - ring of protection from magic

@: slowed, heavily drained, very slow
A: change form in water, swift swim, stealthy swim, reduced essence
a: Recall Ancestor, Ancestor Identity, Transference, Idealise, Renounce Religion


You were on level 4 of the Lair of Beasts.
You worshipped Hepliaklqana.
Hepliaklqana was exalted by your worship.
You were not hungry.

You visited 3 branches of the dungeon, and saw 15 of its levels.

You collected 665 gold pieces.
You spent 175 gold pieces at shops.

Inventory:

Hand Weapons
 k - a +0 lajatang
 K - a +3 vampiric spear (weapon)
Missiles
 y - 2 javelins of returning (quivered)
 E - 6 javelins
Armour
 j - a +0 helmet (worn)
 s - a +0 pair of gloves (worn)
 t - a +0 buckler (worn)
 C - a +0 cloak (worn)
 D - a +0 ring mail of cold resistance (worn)
Jewellery
 l - a ring of protection from magic (right hand)
 v - an uncursed ring of ice
 z - a ring of resist corrosion (left hand)
 A - an amulet of faith (around neck)
Wands
 g - a wand of iceblast (4/15)
 w - a wand of iceblast (9/15)
 F - a wand of confusion (18/48)
Scrolls
 f - a scroll of remove curse
 h - 5 scrolls of fear
 m - a scroll of summoning {unknown}
 n - a scroll of noise {unknown}
 o - 3 scrolls of enchant weapon
 u - 8 scrolls of teleportation
 J - a scroll of torment {unknown}
 L - 2 scrolls of magic mapping {unknown}
 N - a scroll of blinking {unknown}
 O - a scroll of recharging {unknown}
Potions
 a - a potion of mutation {unknown}
 b - 2 potions of curing
 e - 2 potions of might {unknown}
 i - 2 potions of magic
 p - a potion of berserk rage {unknown}
 q - a potion of cancellation {unknown}
 r - a potion of agility {unknown}
 x - 3 potions of lignification {unknown}
 B - 2 potions of ambrosia {unknown}
 G - a potion of flight {unknown}
 H - 2 potions of heal wounds {unknown}
 M - a potion of invisibility {unknown}
Books
 P - a book of Misfortune

   Spells                             Type                      Level
   a - Confusing Touch                Hexes                        1
   b - Confuse                        Hexes                        3
   c - Gell's Gravitas                Translocation                3
   d - Petrify                        Transmutation/Earth          4
   e - Metabolic Englaciation         Hexes/Ice                    5
   f - Yara's Violent Unravelling     Hexes/Transmutation          5
Comestibles
 d - 7 bread rations
 I - a royal jelly
 Q - 10 fruits


   Skills:
 - Level 5.1(3.6) Fighting
 + Level 13.2(11.3) Polearms
 - Level 0.6(0.0) Armour
 + Level 10.9(9.1) Dodging
 - Level 4.3(2.8) Shields
 - Level 2.0(0.5) Spellcasting
 + Level 7.5(5.8) Hexes
 + Level 8.7(7.0) Charms
 + Level 6.4(4.8) Necromancy
 - Level 3.2(1.8) Translocations
 - Level 6.0(4.4) Invocations


You had 4 spell levels left.
You knew the following spells:

 Your Spells              Type           Power        Failure   Level  Hunger
a - Infusion              Chrm           ###.         3%          1    ##.....
b - Shroud of Golubria    Chrm/Tloc      ##........   16%         2    ###....
c - Regeneration          Chrm/Necr      ###.......   17%         3    ####...
d - Spectral Weapon       Hex/Chrm       ###.....     14%         3    ####...
e - Song of Slaying       Chrm           ###.....     5%          2    ###....


Dungeon Overview and Level Annotations

Branches:
Dungeon (10/15)            Temple (1/1) D:5            Lair (4/6) D:9
 Shoals (0/4) Lair:4          Orc (0/2) D:10
  Snake: Lair:2-4    Spider: Lair:2-4

Altars:
Dithmenos
Elyvilon
Fedhas
Gozag
Hepliaklqana
Kikubaaqudgha
Makhleb
Nemelex Xobeh
Okawaru
Qazlal
Ru
Sif Muna
Trog
Uskayaw
Vehumet
Xom
Yredelemnul
Zin
The Shining One
Beogh

Shops:
D:6 (*   D:9 [   D:10 *

Annotations:
Lair:4 Josephine


Message History

The wraith is severely damaged.
Your spectral weapon closely misses the wraith.
Henutmehyt hits the wraith with a quarterstaff!
The wraith is destroyed!
No target in view!
No target in view!
A wraith and Josephine come into view.
Josephine is wielding a dagger of speed.
There are monsters nearby!
You swap places.
A wraith comes into view.
Josephine points at you and mumbles some strange words.
The ghostly flame explodes!
The ghostly fireball engulfs you!
You feel drained.
The ghostly fireball engulfs Henutmehyt.
Henutmehyt completely resists.
The ghostly fireball engulfs your spectral weapon.
Your spectral weapon completely resists.
Josephine gestures at you while chanting.
The ghostly flame explodes!
The ghostly fireball engulfs you!
You feel drained.
You die...

.##......#
........##
........ W.....#
P@W.. ...# ##..#
###R@# #..(.#
##.[.#####
##.#+...#.# ..
#..>.......#####..
#..........##....
.....
...........##..#
.....
...........P..#
.....
.........P....#


You could see the friendly Henutmehyt the battlemage, Josephine, 2 wraiths and a
friendly spectral vampiric spear.

Vanquished Creatures
  A hydra (Lair:1)
  Pikel (D:6)
  2 black mambas (Lair:1)
  Joseph (D:7)
  Psyche (D:9)
  4 spiny frogs
  A komodo dragon (Lair:1)
  A hornet (D:8)
  2 trolls (D:9)
  A polar bear (Lair:4)
  5 hippogriffs
  3 blink frogs (Lair:2)
  2 yaks
  A wyvern (Lair:4)
  A basilisk (Lair:2)
  3 water moccasins
  3 orc warriors (D:10)
  3 porcupines
  2 slaves (D:6)
  A black bear (D:5)
  A phantom (D:7)
  3 ice beasts (D:5)
  2 sky beasts
  An ogre (D:7)
  5 wolves (Lair:2)
  4 centaurs
  A crocodile (Lair:1)
  3 bullfrogs
  4 scorpions
  7 wights
  2 electric eels (Lair:1)
  4 crimson imps
  4 hounds
  5 orc priests
  5 orc wizards
  A bullfrog skeleton (D:8)
  A gnoll shaman (D:6)
  An iguana (D:4)
  Crazy Yiuf (D:5)
  Terence (D:3)
  6 worker ants
  2 hell rats (Lair:2)
  A hound zombie (D:9)
  A hound skeleton (D:9)
  5 gnolls
  12 adders
  An adder skeleton (D:6)
  4 worms
  6 leopard geckos
  38 orcs
  5 giant cockroaches
  6 goblins
  4 hobgoblins
  2 jackals
  9 kobolds
  5 quokkas
  3 ball pythons (D:1)
  6 bats
  7 frilled lizards
  A leopard gecko skeleton (D:5)
  A leopard gecko zombie (D:7)
  A quokka skeleton (D:4)
  7 rats
228 creatures vanquished.

Vanquished Creatures (collateral kills)
  A two-headed ogre (D:9)
  A manticore (D:8)
  A spiny frog (Lair:3)
  2 komodo dragons (Lair:1)
  A blink frog (Lair:2)
  2 wraiths (Lair:4)
  8 yaks
  Eustachio (D:6)
  2 water moccasins (Lair:4)
  3 orc warriors
  3 porcupines
  An ice beast (D:7)
  2 sky beasts
  A black bear (D:7)
  An ogre (D:9)
  A necrophage (D:9)
  A centaur (D:7)
  A crocodile (Lair:3)
  7 bullfrogs
  3 scorpions
  11 wights
  A howler monkey (D:8)
  A crimson imp (D:9)
  3 bullfrog zombies
  An orc priest (D:6)
  A centaur zombie (D:10)
  3 hounds
  A gnoll shaman (D:8)
  2 orc wizards
  5 worker ants
  3 hell rats (Lair:2)
  4 gnolls
  3 adders
  A shadow imp (D:10)
  A worm (D:6)
  A leopard gecko (D:6)
  6 orcs
  2 jackals (D:9)
93 creatures vanquished.

Vanquished Creatures (others)
  12 battlemagi
  An adder (D:2)
  3 ancestors (D:6)
  A giant cockroach (D:2)
  A hobgoblin (D:3)
  2 fungi
  A plant (Lair:2)
  3 spectral weapons
24 creatures vanquished.

Grand Total: 345 creatures vanquished

Notes
Turn   | Place    | Note
-------+----------+-------------------------------------------
     0 | D:1      | Mesmaeker13 the Merfolk Skald began the quest for the Orb.
     0 | D:1      | Reached XP level 1. HP: 16/16 MP: 3/3
   535 | D:1      | Reached XP level 2. HP: 23/23 MP: 1/5
   803 | D:1      | Learned a level 2 spell: Shroud of Golubria
  1091 | D:2      | Reached XP level 3. HP: 28/28 MP: 6/6
  1408 | D:2      | Reached skill level 4 in Polearms
  1614 | D:2      | Reached XP level 4. HP: 28/34 MP: 1/7
  1683 | D:2      | Found a stormy altar of Qazlal.
  1922 | D:2      | Learned a level 3 spell: Regeneration
  2343 | D:3      | Reached XP level 5. HP: 32/40 MP: 2/8
  2554 | D:2      | Reached skill level 1 in Translocations
  2975 | D:3      | Noticed Terence
  2994 | D:3      | Killed Terence
  3401 | D:3      | Reached XP level 6. HP: 40/47 MP: 5/9
  3940 | D:4      | Reached skill level 5 in Dodging
  4129 | D:4      | Reached skill level 5 in Polearms
  4201 | D:4      | Learned a level 3 spell: Spectral Weapon
  4547 | D:4      | Found a burning altar of Makhleb.
  4548 | D:4      | Found a radiant altar of Vehumet.
  4629 | D:4      | Reached skill level 5 in Charms
  4629 | D:4      | Reached XP level 7. HP: 39/54 MP: 5/10
  5143 | D:4      | Found a stormy altar of Qazlal.
  5203 | D:4      | Found a basalt altar of Yredelemnul.
  5422 | D:5      | Entered Level 5 of the Dungeon
  5735 | D:5      | Reached skill level 6 in Polearms
  5804 | D:5      | Reached XP level 8. HP: 43/61 MP: 3/11
  6050 | D:5      | Found a staircase to the Ecumenical Temple.
  6067 | D:5      | Reached skill level 5 in Fighting
  6082 | Temple   | Entered the Ecumenical Temple
  6146 | Temple   | Became a worshipper of Hepliaklqana the Forgotten
  6512 | D:5      | Found a runed door.
  6518 | D:5      | Noticed Crazy Yiuf
  6522 | D:5      | Killed Crazy Yiuf
  6622 | D:5      | Reached skill level 7 in Polearms
  6798 | D:6      | Reached skill level 1 in Invocations
  7022 | D:6      | Reached * piety under Hepliaklqana
  7064 | D:6      | Found Qilloafoi's Weapon Emporium.
  7102 | D:6      | Noticed Eustachio
  7139 | D:6      | Killed Eustachio
  7755 | D:6      | Reached skill level 1 in Necromancy
  7997 | D:6      | Reached XP level 9. HP: 60/61 MP: 12/12
  8114 | D:6      | Found Darhy's General Store.
  8119 | D:6      | Noticed Pikel
  8230 | D:6      | Reached skill level 8 in Polearms
  8359 | D:6      | Killed Pikel
  8437 | D:6      | Reached ** piety under Hepliaklqana
  8438 | D:6      | Remembered your ancestor Henutmehyt as a battlemage
  8721 | D:6      | Learned a level 2 spell: Song of Slaying
  9153 | D:7      | Reached skill level 1 in Hexes
  9168 | D:7      | Reached skill level 9 in Polearms
  9219 | D:7      | Noticed Joseph
  9235 | D:7      | Killed Joseph
  9235 | D:7      | Reached skill level 1 in Shields
  9425 | D:7      | Reached XP level 10. HP: 66/66 MP: 6/13
  9584 | D:7      | Found a sacrificial altar of Ru.
  9805 | D:8      | Noticed a manticore
  9815 | D:8      | Killed a manticore
  9815 | D:8      | Reached skill level 5 in Invocations
 10353 | D:8      | Reached skill level 10 in Polearms
 10954 | D:9      | Reached *** piety under Hepliaklqana
 11549 | D:9      | Found a staircase to the Lair.
 11574 | D:9      | Found Gepsith's Antique Armour Shoppe.
 11584 | D:9      | Bought a shiny ring mail for 175 gold pieces
 11870 | D:9      | Noticed a two-headed ogre
 12116 | D:10     | Entered Level 10 of the Dungeon
 12429 | D:10     | Found a staircase to the Orcish Mines.
 12830 | D:10     | Reached skill level 11 in Polearms
 12851 | D:10     | Reached XP level 11. HP: 14/70 MP: 15/15
 13141 | D:10     | Found a roughly hewn altar of Beogh.
 13237 | D:10     | Reached **** piety under Hepliaklqana
 13589 | D:10     | Reached skill level 5 in Hexes
 13766 | D:10     | Found Keytam's Assorted Antiques.
 14652 | D:9      | Noticed Psyche
 14658 | D:9      | Killed Psyche
 14802 | D:9      | Reached skill level 5 in Necromancy
 14895 | D:9      | Found a shimmering altar of Xom.
 15008 | D:9      | Killed a two-headed ogre
 15047 | Lair:1   | Entered Level 1 of the Lair of Beasts
 15498 | Lair:1   | Reached skill level 12 in Polearms
 15506 | Lair:1   | Reached ***** piety under Hepliaklqana
 15624 | Lair:1   | Noticed a five-headed hydra
 15635 | Lair:1   | Killed a five-headed hydra
 16136 | Lair:1   | Reached skill level 10 in Dodging
 16274 | Lair:1   | Reached XP level 12. HP: 77/77 MP: 10/16
 16902 | Lair:2   | Got a faintly glowing flail
 18096 | Lair:2   | Reached skill level 13 in Polearms
 18521 | Lair:3   | Reached ****** piety under Hepliaklqana
 18572 | Lair:3   | Identified the cursed +2 flail of the Shining Light {crush, rElec rC+} (You found it on level 2 of the Lair of Beasts)
 18876 | Lair:4   | Found a staircase to the Shoals.
 19209 | Lair:4   | Noticed Josephine
 19210 | Lair:4   | Killed from afar by Josephine

Skill      XL: |  1  2  3  4  5  6  7  8  9 10 11 12 |
---------------+-------------------------------------+-----
Dodging        | 3 4 5 6 7 8 10 | 10.9
Polearms       | 4 5 6 7 9 11 12 13 | 13.2
Fighting       | 3 4 5 |  5.1
Charms         | 4 5 6 7 8 |  8.7
Translocations | 1 2 3 |  3.2
Invocations    | 2 4 6 |  6.0
Necromancy     | 1 3 4 5 6 |  6.4
Hexes          | 2 4 6 7 |  7.5
Shields        | 1 4 |  4.3
Armour         | |  0.6
Spellcasting   | |  2.0

Action                   |  1- 3 |  4- 6 |  7- 9 | 10-12 || total
-------------------------+-------+-------+-------+-------++-------
Melee: Spear             |    93 |   169 |       |   496 ||   758
       Trident           |       |    58 |   378 |   353 ||   789
Throw: Javelin           |       |       |       |    16 ||    16
 Cast: Infusion          |    11 |    15 |    23 |    10 ||    59
       Shroud of Golubri |       |     2 |    26 |    37 ||    65
       Regeneration      |       |       |     2 |     7 ||     9
       Spectral Weapon   |       |       |       |    23 ||    23
       Song of Slaying   |       |       |       |     4 ||     4
Invok: Ancestor Life: Ba |       |       |     1 |       ||     1
Evoke: Wand              |       |       |       |     9 ||     9
  Use: Scroll            |       |     3 |     3 |     4 ||    10
       Potion            |       |       |       |     3 ||     3
 Stab: Distracted        |       |     1 |       |    11 ||    12
       Confused          |       |       |       |     8 ||     8
  Eat: Chunk             |     2 |    19 |    13 |    33 ||    67
       Royal jelly       |       |       |       |     1 ||     1
       Fruit             |       |       |       |     5 ||     5
       Bread ration      |       |       |       |     1 ||     1
Armor: Leather armour    |     9 |       |       |       ||     9
       Ring mail         |     6 |    41 |    91 |   117 ||   255
Dodge: Dodged            |    36 |    94 |   204 |   387 ||   721
Block: Buckler           |       |       |       |    74 ||    74
